 Dungeon Crawl Stone Soup version 0.28-a0-1406-ga8dd43b1d0 (webtiles) character file.

Game seed: 13992029064303165404

390 Peloso the Covered (level 6, -4/56 HPs)
             Began as a Minotaur Fighter on Jan 6, 2022.
             Succumbed to an orc's poison
             ... on level 4 of the Dungeon.
             The game lasted 00:04:26 (2675 turns).

Peloso the Covered (Minotaur Fighter)               Turns: 2675, Time: 00:04:27

Health: -4/56      AC: 10    Str: 21    XL:     6   Next: 50%
Magic:  5/5        EV:  7    Int:  5    God:
Gold:   70         SH:  5    Dex: 11    Spells: 5/5 levels left

rFire   . . .      SeeInvis .   a - +0 long sword
rCold   + . .      Faith    .   c - +0 buckler
rNeg    . . .      Spirit   .   b - +0 chain mail
rPois   .          Reflect  .   (helmet restricted)
rElec   .          Harm     .   (no cloak)
rCorr   .          Rampage  .   (no gloves)
Will    .....                   (no boots)
Stlth   ..........              (no amulet)
HPRegen 0.18/turn               h - ring of protection from cold
MPRegen 0.09/turn               (no ring)

@: lethally poisoned (-4 -> -32)
A: horns 2, retaliatory headbutt
a: no special abilities


You were on level 4 of the Dungeon.
You visited 1 branch of the dungeon, and saw 3 of its levels.

You collected 70 gold pieces.

Inventory:

Hand Weapons
 a - a +0 long sword (weapon)
Missiles
 m - a throwing net (quivered)
Armour
 b - a +0 chain mail (worn)
 c - a +0 buckler (worn)
Jewellery
 h - a ring of protection from cold (left hand)
Scrolls
 e - 4 scrolls of identify {unknown}
 f - a scroll of magic mapping {unknown}
 g - a scroll of vulnerability {unknown}
 i - a scroll of immolation {unknown}
 j - a scroll of teleportation {unknown}
 k - 2 scrolls of silence {unknown}
 n - a scroll of summoning {unknown}
Potions
 d - a potion of might
 l - 2 potions of invisibility {unknown}


   Skills:
 + Level 5.4 Fighting
 + Level 5.4 Long Blades
 + Level 5.5 Armour
 + Level 0.3 Dodging
 + Level 4.4 Shields


You had 5 spell levels left.
You didn't know any spells.
Your spell library contained the following spells:

 Spells                   Type           Power      Damage    Failure   Level
 Scorch                   Fire           0%         2d5       100%        2
 Summon Guardian Golem    Hex/Summ       0%         N/A       100%        3
 Flame Wave               Conj/Fire      0%         2d4       100%        4
 Summon Cactus Giant      Summ           0%         N/A       100%        6
 Orb of Destruction       Conj           0%         N/A       100%        7
 Spellforged Servitor     Conj/Summ      0%         N/A       100%        7


Dungeon Overview and Level Annotations

Branches:
Dungeon (2/15)

Altars:

Shops:
D:1 [

Annotations:
D:2 Natasha


Innate Abilities, Weirdness & Mutations

You have a pair of horns on your head.
You reflexively headbutt those who attack you in melee.


Message History

You miss the phantom.
The phantom is severely damaged.
The phantom closely misses you. You furiously retaliate!
You headbutt the phantom. You closely miss the phantom.
Your headbutt misses the phantom.
The phantom is almost destroyed.
The phantom barely misses you. The phantom hits you.
The phantom blinks!
You blink.
You barely miss the phantom.
The phantom is almost destroyed.
The phantom hits you but does no damage.
You closely miss the phantom.
The phantom is almost destroyed.
The phantom hits you but does no damage.
You slash the phantom!
You destroy the phantom!
You hit the orc but do no damage. The orc hits you but does no damage.
You are poisoned.
You barely miss the orc.
You feel sick.
The orc hits you with the +11 rapier of Truth {venom, rF+ rC+ Str-4 Int+7}!
You hit the orc.
The orc is lightly wounded.
You feel sick. The orc closely misses you.
You hit the orc.
The orc is heavily wounded.
You feel sick. The orc hits you but does no damage.
You are more poisoned.
The orc hits you but does no damage.
You are more poisoned.
You hit the orc.
The orc is almost dead.
You feel very sick.
The orc hits you with the +11 rapier of Truth {venom, rF+ rC+ Str-4 Int+7}!
* * * LOW HITPOINT WARNING * * *
You are more poisoned.
You barely miss the orc. You headbutt the orc.
You kill the orc!
* * * LOW HITPOINT WARNING * * *
You feel extremely sick.
You die...

#####################
#....@..............##
#.#################.#.
#ยง# #####.#. #o#
###....... #.#
.......... ...
###.###.#. ...
........#. ...
###.###.#) .....
...##.###.#)


There were no monsters in sight!

Vanquished Creatures
  A phantom (D:4)
  A hound (D:2)
  2 orc priests (D:4)
  Natasha (D:2)
  3 orc wizards (D:4)
  A howler monkey skeleton (D:4)
  3 adders
  4 gnolls (D:4)
  A dart slug (D:2)
  6 orcs (D:4)
  3 endoplasms
  3 giant cockroaches
  2 goblins (D:1)
  4 hobgoblins
  7 kobolds
  4 ball pythons
  3 bats
  3 frilled lizards (D:1)
  2 rats (D:1)
54 creatures vanquished.

Notes
Turn   | Place    | Note
-------+----------+-------------------------------------------
     0 | D:1      | Peloso the Minotaur Fighter began the quest for the Orb.
     0 | D:1      | Reached XP level 1. HP: 19/19 MP: 0/0
    75 | D:1      | Reached XP level 2. HP: 27/27 MP: 1/1
   140 | D:1      | Found Qemiocsu's Antique Armour Shop.
   626 | D:2      | Reached XP level 3. HP: 23/33 MP: 2/2
   991 | D:2      | Noticed Natasha
   997 | D:2      | Killed Natasha
   998 | D:2      | Reached XP level 4. HP: 33/41 MP: 3/3
  1211 | D:2      | Noticed Natasha
  1323 | D:2      | You fall into a shaft and drop 2 floors!
  1360 | D:4      | HP: 1/41 [gnoll (7)]
  1362 | D:4      | Reached XP level 5. HP: 1/47 MP: 4/4
  1717 | D:4      | Reached skill level 5 in Fighting
  2344 | D:4      | Reached skill level 5 in Armour
  2350 | D:4      | Reached XP level 6. HP: 34/56 MP: 5/5
  2356 | D:4      | Reached skill level 5 in Long Blades
  2658 | D:4      | Identified the +11 rapier of Truth {venom, rF+ rC+ Str-4
                  | Int+7}
  2674 | D:4      | HP: 2/56 [poisoned by an orc]
  2675 | D:4      | Succumbed to an orc's poison

Illustrated notes

Levels and vault maps discovered:
D:1:      lemuel_arrival_cross, layout_loops_ring, serial_shops,
          nicolae_shop_temple_entry_statues_fountains, minmay_cut_off
D:2:      layout_rooms, serial_co_window_serial, co_window_of_opportunity_a,
          co_window_of_opportunity_a, co_window_of_opportunity_a,
          co_window_cross_1, co_window_paths_a, co_window_corner_b,
          co_window_of_opportunity_b, co_window_2corner, co_window_corner_b,
          co_window_sun, co_window_4corner_a, glass_columns_c, glass_columns_b,
          glass_columns_c, uniq_natasha, uniq_crazy_yiuf_cottage
D:4:      layout_loops_ring, okawaru_altar_gauntlet_db, kennysheep_nondescript

Skill      XL: |  1  2  3  4  5  6 |
---------------+-------------------+-----
Armour         | 4 5 |  5.5
Fighting       | 4 5 |  5.4
Shields        | 4 |  4.4
Long Blades    | 3 4 5 |  5.4
Dodging        | |  0.3

Action                   |  1- 3 |  4- 6 || total
-------------------------+-------+-------++-------
Melee: Long sword        |    49 |    91 ||   140
       Headbutt          |     5 |    12 ||    17
Armor: Scale mail        |    24 |       ||    24
       Chain mail        |     4 |    32 ||    36
Dodge: Dodged            |    22 |    30 ||    52
Block: Buckler           |    10 |    12 ||    22

Table legend: (Time is in decaauts)
 A = Elapsed time spent in this place.
 B = Non-inter-level travel time spent in this place.
 C = Inter-level travel time spent in this place.
 D = Time resting spent in this place.
 E = Time spent auto-exploring this place.
 F = Levels seen in this place.
 G = Mean time per level.
                   A        B        C        D        E       F      G
               +--------+--------+--------+--------+--------+-----+--------+
         Total |   2708 |   2694 |     14 |    281 |   1956 |   3 |  902.7 |
       Dungeon |   2708 |   2694 |     14 |    281 |   1956 |   3 |  902.7 |
               +--------+--------+--------+--------+--------+-----+--------+

Top non-repeatable levels by time:
     D:4: 1369 daAuts
     D:2: 720 daAuts
     D:1: 617 daAuts
